 Dungeon Crawl Stone Soup version 0.22-a0-402-ga933591 (webtiles) character file.

664 Mgcat the Stinger (level 7, -18/36 HPs)
             Began as a Gargoyle Venom Mage on May 6, 2018.
             Was an Initiate of Sif Muna.
             Demolished by an ice beast (21 damage)
             ... on level 5 of the Dungeon.
             The game lasted 00:15:20 (5318 turns).

Mgcat the Stinger (Gargoyle Venom Mage)             Turns: 5318, Time: 00:15:20

Health: -18/36     AC:  8    Str: 12    XL:     7   Next: 57%
Magic:  10/13      EV: 12    Int: 23    God:    Sif Muna [......]
Gold:   194        SH:  0    Dex: 10    Spells: 4/14 levels left

rFire    + . .     SeeInvis .   d - +2 falchion (holy)
rCold    x . .     Gourm    .   (no shield)
rNeg     + . .     Faith    .   a - +0 robe
rPois    ∞         Spirit   .   n - +0 helmet
rElec    +         Reflect  .   (no cloak)
rCorr    .         Harm     .   o - +0 pair of gloves
MR       .....                  (no boots)
Stlth    ++........             (no amulet)
HPRegen  0.12/turn              m - ring of fire {rF+, rC-}
MPRegen  0.13/turn              e - +6 ring of intelligence

@: no status effects
A: negative energy resistance 1, electricity resistance, unbreathing,
petrification resistance, rot immunity, AC +4
a: Renounce Religion


You were on level 5 of the Dungeon.
You worshipped Sif Muna.
Sif Muna was noncommittal.
You were not hungry.

You visited 1 branch of the dungeon, and saw 5 of its levels.

You collected 194 gold pieces.

Inventory:

Hand Weapons
 d - a +2 falchion of holy wrath (weapon)
   (You found it on level 3 of the Dungeon)
Missiles
 f - a throwing net {=f, !d}
 l - 7 curare-tipped needles
Armour
 a - a +0 robe (worn)
 n - a +0 helmet (worn)
   (You found it on level 3 of the Dungeon)
 o - a +0 pair of gloves (worn)
   (You found it on level 3 of the Dungeon)
Jewellery
 e - a +6 ring of intelligence (right hand)
   (You found it on level 3 of the Dungeon)
 m - a ring of fire (left hand) {rF+, rC-}
   (You found it on level 2 of the Dungeon)
 p - an uncursed ring of protection from fire {unknown}
   (You took it off an orc on level 3 of the Dungeon)
Scrolls
 g - 8 scrolls of identify
 h - 3 scrolls of teleportation
 j - a scroll of remove curse
 r - 3 scrolls of amnesia
 s - 3 scrolls of magic mapping {!r}
 t - a scroll of fog {unknown}
 w - 2 scrolls of enchant weapon
 x - a scroll of immolation {unknown}
Potions
 b - 2 potions of heal wounds {unknown}
 i - a potion of agility {unknown}
 k - a potion of lignification {unknown}
 q - a potion of invisibility {unknown}
 u - 3 potions of curing
 v - 2 potions of cancellation {unknown}
Comestibles
 c - 6 rations


   Skills:
 - Level 1.5 Dodging
 - Level 2.1 Stealth
 + Level 4.1 Spellcasting
 + Level 4.4 Conjurations
 + Level 2.9 Air Magic
 + Level 5.0 Poison Magic


You had 4 spell levels left.
You knew the following spells:

 Your Spells              Type           Power        Failure   Level  Hunger
a - Sting                 Conj/Pois      ####         1%          1    None
b - Poisonous Vapours     Pois/Air       ###...       3%          2    #......
c - Mephitic Cloud        Conj/Pois/Air  ###.....     5%          3    ##.....
d - Olgreb's Toxic Radia  Pois           ####....     13%         4    ####...


Dungeon Overview and Level Annotations

Branches:
Dungeon (5/15)
 Temple: D:4-7

Altars:
Okawaru
Qazlal
Sif Muna
Wu Jian

Annotations:
D:3 1 runed door, Sigmund


Innate Abilities, Weirdness & Mutations

You are resistant to torment.
Your stone body is resilient. (AC +4)
You are immune to poison.
You resist negative energy. (rN+)
You are resistant to electric shocks. (rElec)
You can survive without breathing.
You are immune to petrification.
You are immune to rotting.


Message History

Aim: an ogre, wielding a giant club (heavily wounded, poisoned) Poisonous vapours surround the ogre!
The ogre is engulfed in poison gas.
The ogre looks even sicker.
The ogre hits you with a giant club!
Casting: Poisonous Vapours (safe; 3% risk of failure)
Confirm with . or Enter, or press ? or * to list all spells.
Aiming: Poisonous Vapours (safe; 3% risk of failure)
Press: ? - help, Dir - move target cursor, f/p - ogre
Aim: an ogre, wielding a giant club (severely wounded, poisoned) Poisonous vapours surround the ogre!
The ogre is engulfed in poison gas.
The ogre looks even sicker.
The ogre hits you with a giant club!
Casting: Poisonous Vapours (safe; 3% risk of failure)
Confirm with . or Enter, or press ? or * to list all spells.
Aiming: Sting (safe; 1% risk of failure)
Press: ? - help, Shift-Dir - straight line, f/p - ogre
Aim: an ogre, wielding a giant club (almost dead, poisoned)
The sting hits the ogre.
You kill the ogre!
Sif Muna accepts your kill.
Your Poison Magic skill increases to level 5!
Your magical contamination has completely faded away.
HP restored.
Things that are here:
a giant club; an ogre corpse You butcher the ogre corpse.
z - 6 chunks of flesh {@w0}
Things that are here:
a giant club; an ogre skeleton
Things that are here:
a giant club; an ogre skeleton All of the chunks of flesh in your inventory have rotted away.
You see here a ring mail.
An ice beast comes into view.
Unknown command.
Unknown command.
Unknown command.
Casting: Sting (safe; 1% risk of failure)
Confirm with . or Enter, or press ? or * to list all spells.
Aiming: Poisonous Vapours (safe; 3% risk of failure)
Press: ? - help, Dir - move target cursor, f - ice beast
Aim: an ice beast But poisonous vapours would do no harm to the ice beast!
Unknown command.
Unknown command.
Casting: Poisonous Vapours (safe; 3% risk of failure)
Confirm with . or Enter, or press ? or * to list all spells.
You can't see any susceptible monsters within range! (Use Z to cast anyway.)
Casting: Poisonous Vapours (safe; 3% risk of failure)
Confirm with . or Enter, or press ? or * to list all spells.
You can't see any susceptible monsters within range! (Use Z to cast anyway.) Unknown command.
Unknown command.
Casting: Poisonous Vapours (safe; 3% risk of failure)
Confirm with . or Enter, or press ? or * to list all spells.
Aiming: Sting (safe; 1% risk of failure)
Press: ? - help, Shift-Dir - straight line, f/p - ice beast
Aim: an ice beast The sting hits the ice beast.
The ice beast completely resists.
Casting: Sting (safe; 1% risk of failure)
Confirm with . or Enter, or press ? or * to list all spells.
Aiming: Sting (safe; 1% risk of failure)
Press: ? - help, Shift-Dir - straight line, f/p - ice beast
Aim: an ice beast The sting hits the ice beast.
The ice beast is lightly wounded.
Casting: Sting (safe; 1% risk of failure)
Confirm with . or Enter, or press ? or * to list all spells.
Aiming: Sting (safe; 1% risk of failure)
Press: ? - help, Shift-Dir - straight line, f/p - ice beast
Aim: an ice beast (lightly wounded)
The sting hits the ice beast.
The ice beast appears unharmed.
The ice beast is lightly wounded.
You hit the ice beast but do no damage.
The ice beast is lightly wounded.
The ice beast barely misses you.
You hit the ice beast.
The ice beast is lightly wounded.
The ice beast barely misses you.
You hit the ice beast.
The ice beast is moderately wounded.
The ice beast misses you. The ice beast hits you. The ice beast freezes you!
You feel a terrible chill!
You hit the ice beast but do no damage.
The ice beast is moderately wounded.
The ice beast barely misses you.
Casting: Sting (safe; 1% risk of failure)
Confirm with . or Enter, or press ? or * to list all spells.
Aiming: Sting (safe; 1% risk of failure)
Press: ? - help, Shift-Dir - straight line, f/p - ice beast
Aim: an ice beast (moderately wounded)
The sting hits the ice beast.
The ice beast is moderately wounded.
The ice beast hits you. The ice beast freezes you!
You feel a terrible chill!
* * * LOW HITPOINT WARNING * * *
You barely miss the ice beast.
The ice beast is moderately wounded.
The ice beast hits you.
* * * LOW HITPOINT WARNING * * *
The ice beast freezes you!!
You feel a terrible chill!
Ouch! That really hurt!
You die...

..# ..#
..#
..###
#...##
#....#
#.Y.#
####
#.@.#
...#
#..##
...#
#..#
####
#..# #
#..#
#..#
#[.##
##...#
###....#


You could see an ice beast.

Vanquished Creatures
  The ghost of Nr616 the Cutter, an amateur SpEn of Okawaru (D:3)
  2 ogres
  A crimson imp (D:5)
  A hound (D:4)
  2 orc priests (D:3)
  An orc wizard (D:4)
  Jessica (D:3)
  Natasha (D:3)
  A worker ant (D:4)
  A hound skeleton (D:4)
  6 adders
  4 adder skeletons (D:4)
  2 worms
  3 leopard geckos
  10 orcs
  4 bats
  4 giant cockroaches
  4 goblins
  4 hobgoblins
  6 kobolds
  3 quokkas
  2 ball pythons
  5 frilled lizards
  A jackal skeleton (D:4)
  A leopard gecko skeleton (D:4)
  30 rats
101 creatures vanquished.

Notes
Turn   | Place    | Note
-------+----------+-------------------------------------------
     0 | D:1      | Mgcat the Gargoyle Venom Mage began the quest for the Orb.
     0 | D:1      | Reached XP level 1. HP: 10/10 MP: 3/3
   426 | D:1      | Reached XP level 2. HP: 15/15 MP: 0/5
   505 | D:1      | Learned a level 2 spell: Poisonous Vapours
  1220 | D:2      | Reached XP level 3. HP: 19/19 MP: 3/6
  1248 | D:2      | Reached skill level 2 in Conjurations
  1795 | D:2      | Reached skill level 1 in Air Magic
  1796 | D:2      | HP: 3/19 [rat (2)]
  1796 | D:2      | HP: 1/19 [rat (2)]
  1816 | D:2      | Reached XP level 4. HP: 10/24 MP: 0/7
  1965 | D:2      | Learned a level 3 spell: Mephitic Cloud
  2256 | D:3      | Noticed Sigmund
  2289 | D:3      | Noticed Jessica
  2294 | D:3      | Killed Jessica
  2445 | D:3      | Reached XP level 5. HP: 28/28 MP: 1/9
  2465 | D:3      | Reached skill level 3 in Spellcasting
  2471 | D:3      | Learned a level 4 spell: Olgreb's Toxic Radiance
  2580 | D:3      | Found an ornate altar of the Wu Jian Council.
  2707 | D:3      | Noticed Natasha
  2712 | D:3      | Killed Natasha
  2712 | D:3      | Reached skill level 3 in Conjurations
  2712 | D:3      | Reached skill level 4 in Poison Magic
  2796 | D:3      | Noticed Nr616's ghost (amateur SpEn)
  2816 | D:3      | Killed Nr616's ghost
  2816 | D:3      | Reached skill level 2 in Air Magic
  2816 | D:3      | Reached XP level 6. HP: 28/32 MP: 9/11
  2919 | D:3      | Found a runed door.
  3824 | D:4      | Reached XP level 7. HP: 36/36 MP: 8/12
  3935 | D:4      | Reached skill level 4 in Conjurations
  4261 | D:4      | Found a deep blue altar of Sif Muna.
  4264 | D:4      | Became a worshipper of Sif Muna the Loreminder
  4317 | D:4      | Found a stormy altar of Qazlal.
  4346 | D:4      | Found an iron altar of Okawaru.
  4547 | D:5      | Entered Level 5 of the Dungeon
  4647 | D:5      | Reached skill level 4 in Spellcasting
  5056 | D:5      | Reached skill level 5 in Poison Magic
  5317 | D:5      | HP: 6/36 [ice beast (12)]
  5318 | D:5      | Demolished by an ice beast

Vault maps used:
D:1:      dpeg_arrival_snail
D:2:      first_ration, serial_curves, eino_curves_03, eino_curves_02,
          minmay_rat_hole
D:3:      old_standard_altar, uniq_jessica, uniq_natasha,
          uniq_crazy_yiuf_cottage, uniq_sigmund
D:4:      lemuel_doored_altar, overflow_temple_1_default, lemuel_round_altar,
          hangedman_decor_points

Skill      XL: |  1  2  3  4  5  6  7 |
---------------+----------------------+-----
Conjurations   | 2 3 4 |  4.4
Air Magic      | 1 2 |  2.9
Spellcasting   | 3 4 |  4.1
Poison Magic   | 4 5 |  5.0
Dodging        | |  1.5
Stealth        | |  2.1

Action                   |  1- 3 |  4- 6 |  7- 9 || total
-------------------------+-------+-------+-------++-------
Melee: Club              |    23 |       |       ||    23
       Unarmed           |     1 |       |       ||     1
       Short sword       |    43 |       |       ||    43
       Falchion          |       |    26 |    33 ||    59
 Cast: Sting             |    65 |    31 |    23 ||   119
       Poisonous Vapours |     8 |    21 |    21 ||    50
       Mephitic Cloud    |       |     6 |     1 ||     7
       Olgreb's Toxic Ra |       |     1 |       ||     1
  Use: Scroll            |     6 |     2 |       ||     8
       Potion            |     1 |       |       ||     1
 Stab: Sleeping          |     1 |       |       ||     1
       Confused          |       |     1 |       ||     1
  Eat: Chunk             |     3 |     6 |     1 ||    10
       Ration            |       |     1 |     1 ||     2
Armor: Robe              |    41 |    11 |    10 ||    62
Dodge: Dodged            |    90 |    18 |    33 ||   141
       Rpst.: Falchion   |       |     2 |    11 ||    13

Table legend:
 A = Spawn XP
 B = Non-spawn XP
 C = Spawn XP percentage of total XP
 D = Spawn monster count
 E = Non-spawn monster count
 F = Spawn count percentage of total count
 G = Total turns spent on level
                    A         B        C        D         E        F      G
               +---------+---------+-------+---------+---------+-------+---------
         Total |       0 |     949 |   0.0 |       0 |     101 |   0.0 |  5318
               +---------+---------+-------+---------+---------+-------+---------
           D:1 |       0 |      33 |   0.0 |       0 |      21 |   0.0 |  1234
           D:2 |       0 |      50 |   0.0 |       0 |      29 |   0.0 |   855
           D:3 |       0 |     344 |   0.0 |       0 |      22 |   0.0 |  1428
           D:4 |       0 |     340 |   0.0 |       0 |      25 |   0.0 |  1030
           D:5 |       0 |     182 |   0.0 |       0 |       4 |   0.0 |   771
               +---------+---------+-------+---------+---------+-------+---------

Vault maps used:
D:1:      dpeg_arrival_snail
D:2:      first_ration, serial_curves, eino_curves_03, eino_curves_02,
          minmay_rat_hole
D:3:      old_standard_altar, uniq_jessica, uniq_natasha,
          uniq_crazy_yiuf_cottage, uniq_sigmund
D:4:      lemuel_doored_altar, overflow_temple_1_default, lemuel_round_altar,
          hangedman_decor_points

Table legend:
 A = Turns spent in this place as a percentage of turns spent in the entire game.
 B = Non-inter-level travel turns spent in this place as a percentage of non-inter-level travel turns spent in the entire game.
 C = Inter-level travel turns spent in this place as a percentage of turns spent in this place.
 D = Turns resting spent in this place as a percentage of non-inter-level travel turns spent in this place.
 E = Turns spent auto-exploring this place as a percentage of non-inter-level travel turns spent in this place.
 F = Non-inter-level travel turns spent in this place divided by the number of levels of this place that you've seen.
                   A       B       C       D       E      F
               +-------+-------+-------+-------+-------+----------------------
         Total | 100.0 | 100.0 |   2.4 |   0.0 |  88.0 | 1037.8
       Dungeon | 100.0 | 100.0 |   2.4 |   0.0 |  88.0 | 1037.8
               +-------+-------+-------+-------+-------+----------------------

Table legend:
 A = Kills in this place as a percentage of kills in entire the game.
 B = Kills by you in this place as a percentage of kills by you in the entire game.
 C = Kills by friends in this place as a percentage of kills by friends in the entire game.
 D = Other kills in this place as a percentage of other kills in the entire game.
 E = Experience gained in this place as a percentage of experience gained in the entire game.
 F = Experience gained in this place divided by the number of levels of this place that you have seen.
                   A       B       C       D       E      F
               +-------+-------+-------+-------+-------+----------------------
         Total | 100.0 | 100.0 |   N/A |   N/A | 100.0 | 189.8
       Dungeon | 100.0 | 100.0 |   N/A |   N/A | 100.0 | 189.8
               +-------+-------+-------+-------+-------+----------------------
